 Dungeon Crawl Stone Soup version 0.29.0-4-gdea44cf6ec (webtiles) character file.

Game seed: 1520436898104931157

43 qw the Chopper (level 3, -2/21 HPs)
             Began as a Tengu Warper on Aug 28, 2022.
             Slain by a gnoll
             ... wielding a +0 whip
              (8 damage)
             ... on level 2 of the Dungeon.
             The game lasted 00:00:06 (1395 turns).

qw the Chopper (Tengu Warper)                       Turns: 1395, Time: 00:00:07

Health: -2/21      AC:  6    Str: 13    XL:     3   Next: 58%
Magic:  7/7        EV:  9    Int: 13    God:
Gold:   40         SH:  0    Dex: 13    Spells: 6/6 levels left

rFire   . . .      SeeInvis .   Y - +0 hand axe
rCold   . . .      Faith    .   (no shield)
rNeg    . . .      Spirit   .   k - +0 scale mail
rPois   .          Reflect  .   (helmet restricted)
rElec   .          Harm     .   (no cloak)
rCorr   .          Rampage  .   (no gloves)
Will    .....                   (boots unavailable)
Stlth   ..........              (no amulet)
HPRegen 0.07/turn               (no ring)
MPRegen 0.10/turn               (no ring)

@: no status effects
A: beak, talons 3
a: no special abilities


You were on level 2 of the Dungeon.
You visited 1 branch of the dungeon, and saw 2 of its levels.

You collected 40 gold pieces.


Innate Abilities, Weirdness & Mutations

You have a beak for a mouth.
You have claws for feet.


   Skills:
 - Level 2.0 Fighting
 + Level 4.2 Axes
 - Level 1.0 Throwing
 - Level 1.1 Armour
 - Level 2.1 Dodging
 - Level 2.0 Spellcasting
 - Level 2.4 Translocations


You had 6 spell levels left.
You didn't know any spells.
Your spell library contained the following spells:

 Spells                   Type           Power      Damage    Failure   Level
 Blink                    Tloc           14%        N/A       56%         2
 Gell's Gravitas          Tloc           7%         N/A       80%         3
 Lesser Beckoning         Tloc           7%         N/A       80%         3
 Teleport Other           Tloc           7%         N/A       80%         3
 Manifold Assault         Tloc           7%         N/A       100%        5

Inventory:

Hand Weapons
 j - a +0 whip
 Y - a +0 hand axe (weapon)
Armour
 k - a +0 scale mail (worn)
Potions
 e - a potion of flight {unknown}
 f - a potion of curing {unknown}
 h - a potion of might {unknown}
 m - a potion of resistance {unknown}

Dungeon Overview and Level Annotations

Branches:
Dungeon (2/15)

Altars:


Message History

The bat hits you. The bat misses you.
You barely miss the bat.
The bat is severely wounded.
The bat barely misses you.
You closely miss the bat.
The bat is severely wounded.
The bat closely misses you. The bat barely misses you.
You hit the bat.
You kill the bat!
You start resting.
HP restored. 2 gnolls come into view.
The gnoll shouts! x2
There is an open door here.
A gnoll comes into view. It is wielding a +0 whip.
1384 ||| Stepping ~*~*~tactically~*~*~ (stealth).
There is an open door here.
1388 ||| Stepping ~*~*~tactically~*~*~ (stealth).
1389 ||| Stepping ~*~*~tactically~*~*~ (stealth).
You barely miss the gnoll. Your peck misses the gnoll.
The gnoll hits you but does no damage. The gnoll hits you with a +0 whip.
You barely miss the gnoll. You claw the gnoll, but do no damage.
You hit the gnoll. You claw the gnoll.
The gnoll is heavily wounded.
The gnoll hits you with a +0 whip.
You hit the gnoll. You claw the gnoll, but do no damage.
You peck the gnoll, but do no damage.
The gnoll is heavily wounded.
You hit the gnoll but do no damage. The gnoll hits you with a +0 whip!
The gnoll hits you but does no damage.
1394 ||| Stepping ~*~*~tactically~*~*~ (stealth).
The gnoll attacks as you move away! The gnoll hits you but does no damage.
The gnoll attacks as you move away! The gnoll hits you with a +0 whip.
You hit the gnoll.
You kill the gnoll!
You barely miss the gnoll. The gnoll hits you with a +0 whip!
You die...

#..# ...#
###..#
#....#
#<...#
#.##%..#
#......#
#####).#
#.@g.#
#.##.# #.
#'#
...........#
.##.#..g...#
#........#
.........#
###.......#
........#


You could see a gnoll.

Vanquished Creatures
  2 gnolls
  An adder (D:2)
  2 dart slugs (D:1)
  An endoplasm (D:1)
  2 giant cockroaches (D:1)
  2 quokkas (D:1)
  3 bats
  3 frilled lizards (D:1)
  2 goblins (D:1)
  3 kobolds (D:1)
  5 rats (D:1)
26 creatures vanquished.

Notes
Turn   | Place    | Note
-------+----------+-------------------------------------------
     0 | D:1      | qw the Tengu Warper began the quest for the Orb.
     0 | D:1      | Reached XP level 1. HP: 12/12 MP: 4/4
     0 | D:1      | 0 ||| qw: Version: 0.1-a-89-g26bdef1
     0 | D:1      | 0 ||| qw: Game counter: 1355
     0 | D:1      | 0 ||| qw: Always use a shield: true
     0 | D:1      | 0 ||| qw: God list: Okawaru
     0 | D:1      | 0 ||| qw: Allow faded altars: false
     0 | D:1      | 0 ||| qw: Do Orc after D:15 true
     0 | D:1      | 0 ||| qw: Do second Lair branch before Depths: true
     0 | D:1      | 0 ||| qw: Lair rune preference: random
     0 | D:1      | 0 ||| qw: Plans: Normal
     0 | D:1      | 0 ||| PLANNING D:1-11
   105 | D:1      | 105 ||| Stepping ~*~*~tactically~*~*~ (stealth).
   116 | D:1      | Reached skill level 3 in Axes
   116 | D:1      | Reached XP level 2. HP: 17/17 MP: 6/6
   509 | D:1      | Reached XP level 3. HP: 9/21 MP: 7/7
   825 | D:1      | Reached skill level 4 in Axes
  1328 | D:1      | 1328 ||| UPGRADING to +0 scale mail.
  1338 | D:1      | 1338 ||| DROPPING +0 leather armour.
  1339 | D:1      | 1339 ||| READING scroll labelled JYEPHIQUAC.
  1340 | D:1      | 1340 ||| READING scroll labelled TUCRYUT DEWE.
  1345 | D:1      | 1345 ||| READING scroll labelled NILLISK PUCOST.
  1346 | D:1      | 1346 ||| READING scroll labelled RAXIOT NABU.
  1347 | D:1      | 1347 ||| DROPPING scroll of blinking.
  1384 | D:2      | 1384 ||| Stepping ~*~*~tactically~*~*~ (stealth).
  1388 | D:2      | 1388 ||| Stepping ~*~*~tactically~*~*~ (stealth).
  1389 | D:2      | 1389 ||| Stepping ~*~*~tactically~*~*~ (stealth).
  1394 | D:2      | 1394 ||| Stepping ~*~*~tactically~*~*~ (stealth).
  1394 | D:2      | HP: 5/21 [gnoll/+0 whip (1)]
  1395 | D:2      | Slain by a gnoll

Levels and vault maps discovered:
D:1:      dpeg_arrival_prison, layout_basic, chequers_serial_rivers_small_b
D:2:      layout_basic, serial_park_tiny_1

Skill      XL: |  1  2  3 |
---------------+----------+-----
Axes           | 3 4 |  4.2
Fighting       | |  2.0
Throwing       | |  1.0
Armour         | |  1.1
Dodging        | |  2.1
Spellcasting   | |  2.0
Translocations | |  2.4

Action                   || total
-------------------------++-------
Melee: Hand axe          ||    59
       Kick              ||    16
       Peck              ||    10
Throw: Boomerang         ||     7
  Use: Scroll            ||     4
Armor: Leather armour    ||    10
       Scale mail        ||     8
Dodge: Dodged            ||    26

Table legend:
 A = Non-vault XP
 B = Vault XP
 C = Vault XP percentage of total XP
 D = Non-vault monster count
 E = Vault monster count
 F = Vault count percentage of total count
                 A         B        C        D         E       F
            +---------+---------+-------+---------+---------+-------
      Total |      71 |       5 |   6.6 |      23 |       3 |  11.5
            +---------+---------+-------+---------+---------+-------
        D:1 |      43 |       5 |  10.4 |      20 |       3 |  13.0
        D:2 |      28 |       0 |   0.0 |       3 |       0 |   0.0
            +---------+---------+-------+---------+---------+-------
